 Dungeon Crawl Stone Soup version 0.28.0-47-ge53b351184 (webtiles) character file.

Game seed: 13920835068359295746

47439 pkoi the Martial Artist (level 13, 0/105 HPs)
             Began as a Demigod Gladiator on Apr 26, 2022.
             Killed from afar by an acid dragon (30 damage)
             ... with a splash of acid
             ... on level 12 of the Dungeon.
             The game lasted 00:57:41 (31541 turns).

pkoi the Martial Artist (Demigod Gladiator)        Turns: 31541, Time: 00:57:44

Health: 0/105      AC:  9    Str: 23      XL:     13   Next: 71%
Magic:  26/28      EV: 19    Int: 18      God:
Gold:   1443       SH:  0    Dex: 18 (19) Spells: 3/26 levels left

rFire   + . .      SeeInvis .     - Unarmed
rCold   . . .      Faith    .   (no shield)
rNeg    . . .      Spirit   .   L - +0 troll leather armour
rPois   .          Reflect  .   v - +2 helmet
rElec   .          Harm     .   (no cloak)
rCorr   .          Rampage  .   (no gloves)
Will    ++...                   i - +0 pair of boots
Stlth   +.........              (no amulet)
HPRegen 1.07/turn               t - ring of willpower
MPRegen 0.21/turn               H - ring "Mobbyv Wema" {rF+ EV+4 Str+4}

@: about to teleport
A: high MP 1, forlorn, divine attributes
a: no special abilities


You were on level 12 of the Dungeon.
You visited 3 branches of the dungeon, and saw 19 of its levels.
You also visited: Sewer.

You collected 1443 gold pieces.

Inventory:

Hand Weapons
 h - the +6 short sword of Katicre {protect, rElec rPois Stlth+}
   (You found it on level 10 of the Dungeon)

   It grants its wielder temporary protection when it strikes (+7 to AC).
   rElec:     It insulates you from electricity.
   rPois:     It protects you from poison.
   Stlth:     It makes you more stealthy.
 p - the +8 mace "Zarikk" {freeze, Will+ rCorr}
   (You found it on level 4 of the Dungeon)

   It freezes those it strikes, dealing additional cold damage.
   It can also slow down cold-blooded creatures.
   rCorr:     It protects you from acid and corrosion.
   Will:      It increases your willpower.
 z - a +0 whip of venom
Missiles
 c - 4 throwing nets
 o - 5 curare-tipped darts
 y - 32 poisoned darts
 I - 11 boomerangs (quivered)
 J - 6 atropa-tipped darts
Armour
 i - a +0 pair of boots (worn)
 v - a +2 helmet (worn)
 L - a +0 troll leather armour (worn)
Jewellery
 g - a ring of flight
 t - a ring of willpower (left hand)
 H - the ring "Mobbyv Wema" (right hand) {rF+ EV+4 Str+4}
   (You found it on level 6 of the Dungeon)

   [ring of evasion]

   EV:        It affects your evasion (+4).
   Str:       It affects your strength (+4).
   rF:        It protects you from fire.
Wands
 b - a wand of mindburst (5)
 j - a wand of acid (4)
 l - a wand of charming (4)
 F - a wand of flame (63)
Scrolls
 m - a scroll of holy word
 s - 4 scrolls of identify
 x - 6 scrolls of silence
 C - a scroll of blinking
 D - 4 scrolls of fear
 E - 3 scrolls of amnesia
 G - a scroll of enchant armour
 K - 5 scrolls of teleportation
 M - 2 scrolls of enchant weapon
Potions
 a - 2 potions of heal wounds
 d - 6 potions of brilliance
 e - 3 potions of flight
 f - a potion of magic
 k - 10 potions of curing
 n - 4 potions of cancellation
 q - 2 potions of might
 u - 2 potions of ambrosia
 w - a potion of haste
 B - a potion of invisibility
 O - 2 potions of berserk rage
Miscellaneous
 r - a condenser vane
 A - a phantom mirror


   Skills:
 - Level 7.0 Fighting
 - Level 1.7 Throwing
 - Level 6.0 Armour
 - Level 6.0 Dodging
 + Level 13.0 Unarmed Combat
 + Level 7.2 Spellcasting
 + Level 6.1 Ice Magic
 - Level 10.1 Air Magic
 + Level 7.4 Poison Magic


You had 3 spell levels left.
You knew the following spells:

 Your Spells              Type           Power      Damage    Failure   Level
a - Poisonous Vapours     Pois/Air       76%        N/A       1%          2
b - Airstrike             Air            21%        N/A       1%          4
c - Ozocubu's Refrigerat  Ice            14%        4d7       100%        7
d - Swiftness             Air            43%        N/A       1%          3
e - Ozocubu's Armour      Ice            28%        N/A       2%          3
f - Olgreb's Toxic Radia  Pois           33%        N/A       5%          4

Your spell library contained the following spells:

 Spells                   Type           Power      Damage    Failure   Level
 Shock                    Conj/Air       96%        1d9       1%          1
 Corpse Rot               Necr/Air       48%        N/A       2%          2
 Gell's Gravitas          Tloc           6%         N/A       34%         3
 Lesser Beckoning         Tloc           6%         N/A       34%         3
 Teleport Other           Tloc           6%         N/A       34%         3
 Alistair's Intoxication  Tmut/Pois      12%        N/A       56%         5
 Fulminant Prism          Conj/Hex       3%         3d6       75%         4
 Iskenderun's Mystic Bla  Conj/Tloc      6%         2d4       75%         4
 Borgnjor's Vile Clutch   Necr/Erth      3%         N/A       97%         5
 Fireball                 Conj/Fire      3%         3d4       97%         5
 Lee's Rapid Deconstruct  Erth           3%         3d6*      97%         5
 Eringya's Noxious Bog    Tmut/Pois      9%         N/A       98%         6
 Starburst                Conj/Fire      3%         6d3       100%        6
 Ignition                 Fire           3%         3d4       100%        8


Dungeon Overview and Level Annotations

Branches:
Dungeon (12/15)            Temple (1/1) D:4            Lair (6/6) D:10
 Shoals (0/4) Lair:2        Snake (0/4) Lair:3        Slime (0/5) Lair:6
    Orc (0/2) D:12          Sewer (visited)

Annotations:
D:5 Blork the orc
D:11 3 runed translucent doors, seaoflcl's ghost, novice HuFi
Lair:2 exclusion: oklob plant
Lair:3 exclusion: oklob plant


Innate Abilities, Weirdness & Mutations

You have an increased reservoir of magic. (+10% MP)
You shall have no god before yourself.
Your divine heritage dramatically boosts your attributes as you level up.


Message History

The troll claws you.
* * * LOW HITPOINT WARNING * * *
The troll closely misses you.
The centaur wields a +0 shortbow.
The centaur shoots an arrow.
The arrow barely misses you.
You kill the centaur!
The crimson imp blinks!
The warg closely misses you.
The kobold demonologist looks braver for a moment.
The crimson imp hits you but does no damage.
The white imp gestures at you. The puff of frost hits you.
* * * LOW HITPOINT WARNING * * *
The warg misses you.
The crimson imp blinks!
The crimson imp lashes its tail.
The crimson imp blinks!
The warg barely misses you.
A two-headed ogre comes into view. It is wielding two +0 giant clubs.
The two-headed ogre shouts in stereo!
The warg stops to sniff the ground.
The warg closely misses you. The warg closely misses you.
The two-headed ogre hits you with a +0 giant club!
* * * LOW HITPOINT WARNING * * *
The two-headed ogre hits you with a +0 giant club!!
* * * LOW HITPOINT WARNING * * *
An acid dragon comes into view.
The chaos spawn degenerates into a cloud of primal chaos!
Unknown command.
The two-headed ogre barely misses you. The two-headed ogre closely misses you.
The warg bites you!
* * * LOW HITPOINT WARNING * * *
As you read the scroll of teleportation, it crumbles to dust.
You feel strangely unstable.
The crimson imp disappears in a puff of smoke!
The warg barely misses you. The acid dragon spits acid at you.
The splash of acid hits you!!
You die...

..............###
#########.
#...####........#
..8....#######5.#
.......#.....#.ยง#
.......#.....#5.#
.......#.....#.K#
.............#TO#
.............##h########
..>...8.......#.@.......
........####..#.D.......
........# #.........
.......## #..#######
.......# #..# .......#
...# ..8....# ...#
#...### ....# .....


You could see a two-headed ogre, a kobold demonologist (poisoned), a troll
(poisoned), a warg, an acid dragon (catching breath), a quasit (summoned) and a
white imp (summoned).

Vanquished Creatures
  A boulder beetle (D:11)
  7 hydras
  A centaur warrior (D:10)
  4 two-headed ogres (D:9)
  A death yak (Lair:4)
  A large abomination (Lair:6)
  2 cyclopes (D:11)
  An ugly thing (D:11)
  4 elephants (Lair:6)
  4 black mambas
  Joseph (D:8)
  2 torpor snails
  16 cane toads
  3 rime drakes
  3 kobold demonologists
  3 unseen horrors (D:11)
  3 komodo dragons
  Maggie (D:9)
  A polar bear (Lair:6)
  4 trolls
  16 blink frogs
  A meliai zombie (D:10)
  A slime creature (D:10)
  A vampire (D:10)
  3 shadows
  6 wyverns
  2 wraiths
  42 yaks
  A ynoxinul (Lair:6)
  2 steam dragons
  A vampire mosquito (D:10)
  A chaos spawn (Lair:6)
  6 basilisks
  A warg (D:12)
  Menkaure (D:6)
  A two-headed ogre zombie (D:12)
  2 acid dragons (D:10)
  12 water moccasins
  5 black bears
  3 orc warriors
  A necrophage (D:5)
  An ogre (D:6)
  4 ice beasts (D:6)
  A sky beast (D:7)
  51 wolves
  9 centaurs
  A phantom (D:12)
  3 kobold brigands
  2 gnoll sergeants
  4 scorpions
  10 bullfrogs
  A small abomination (Lair:6)
  A wyvern zombie (D:7)
  3 troll zombies (D:12)
  7 killer bees (D:9)
  2 vampire bats (Lair:1)
  4 howler monkeys (D:9)
  An electric eel (Lair:4)
  5 centaur zombies
  A bullfrog zombie (D:6)
  3 jellies
  8 orc priests
  A centaur skeleton (D:6)
  3 hounds
  2 bullfrog skeletons
  4 hell rats (Lair:5)
  7 iguanas
  8 orc wizards
  A killer bee zombie (D:5)
  3 ogre zombies (D:12)
  A hound skeleton (D:4)
  A howler monkey zombie (D:9)
  Robin (D:2)
  8 gnolls
  A howler monkey skeleton (D:7)
  11 adders
  2 white imps (D:8)
  2 worms
  3 dart slugs (D:1)
  37 orcs
  14 bats
  14 endoplasms
  11 giant cockroaches
  11 goblins
  5 hobgoblins
  11 jackals
  14 kobolds
  9 quokkas
  15 ball pythons
  7 frilled lizards
  3 goblin skeletons (D:12)
  5 goblin zombies (D:12)
  2 hobgoblin zombies (D:12)
  2 orc skeletons (D:12)
  13 orc zombies (D:12)
  8 rats
534 creatures vanquished.

Vanquished Creatures (others)
  112 fungi
  96 plants
208 creatures vanquished.

Grand Total: 742 creatures vanquished

Notes
Turn   | Place    | Note
-------+----------+-------------------------------------------
     0 | D:1      | pkoi the Demigod Gladiator began the quest for the Orb.
     0 | D:1      | Reached XP level 1. HP: 17/17 MP: 3/3
    87 | D:1      | Reached skill level 3 in Unarmed Combat
   214 | D:1      | Reached XP level 2. HP: 16/24 MP: 4/4
  1021 | D:1      | Reached XP level 3. HP: 29/29 MP: 5/5
  1157 | D:2      | Reached skill level 4 in Unarmed Combat
  1511 | D:2      | Noticed Robin
  2949 | D:2      | Killed Robin
  2950 | D:2      | Reached XP level 4. HP: 25/36 MP: 6/6
  4739 | D:3      | Identified the ring of Rirr {*Corrode Int+4 SInv}
  4749 | D:3      | Reached skill level 5 in Unarmed Combat
  4749 | D:3      | Reached XP level 5. HP: 17/42 MP: 7/7
  5143 | D:4      | Found a staircase to the Ecumenical Temple.
  5176 | D:4      | Reached skill level 1 in Armour
  5203 | Temple   | Entered the Ecumenical Temple
  5846 | D:4      | Identified the +8 mace "Zarikk" {freeze, Will+ rCorr}
  5856 | D:4      | Reached XP level 6. HP: 50/50 MP: 8/8
  5872 | D:4      | Reached skill level 6 in Unarmed Combat
  6436 | D:4      | Reached XP level 7. HP: 16/57 MP: 9/9
  7062 | D:5      | Entered Level 5 of the Dungeon
  7196 | D:5      | Noticed Blork the orc
  7346 | D:5      | Found a glowing drain.
  7350 | Sewer    | Entered a sewer
  8406 | D:6      | Reached skill level 7 in Unarmed Combat
  8532 | D:6      | Reached XP level 8. HP: 39/63 MP: 10/10
  8934 | D:6      | Reached skill level 5 in Dodging
  8957 | D:6      | You are sucked into a shaft and drop 2 floors!
  9111 | D:7      | Reached skill level 5 in Armour
  9122 | D:7      | Found Asego Ifu's Magic Scroll Shop.
  9134 | D:7      | Learned a level 2 spell: Poisonous Vapours
  9138 | D:7      | Noticed a troll
  9148 | D:7      | Killed a troll
  9149 | D:7      | Reached skill level 8 in Unarmed Combat
  9294 | D:6      | Identified the ring "Mobbyv Wema" {rF+ EV+4 Str+4}
  9995 | D:6      | Reached skill level 5 in Fighting
 10018 | D:6      | Reached XP level 9. HP: 60/74 MP: 11/11
 10447 | D:6      | Noticed Menkaure
 10455 | D:6      | Killed Menkaure
 11270 | D:7      | Noticed a cacodemon
 11270 | D:7      | Noticed an angel
 11312 | D:7      | Reached skill level 9 in Unarmed Combat
 11402 | D:7      | Reached skill level 1 in Spellcasting
 11402 | D:7      | Reached skill level 1 in Air Magic
 11402 | D:7      | Reached skill level 1 in Poison Magic
 11713 | D:8      | Noticed Joseph
 11823 | D:8      | Killed Joseph
 12182 | D:7      | HP: 3/75 [poisoned by a gnoll sergeant]
 12187 | D:7      | HP: 3/75 [poisoned by a gnoll sergeant]
 12872 | D:9      | Reached XP level 10. HP: 73/83 MP: 16/16
 12987 | D:9      | Noticed Maggie
 13023 | D:9      | Killed Maggie
 14139 | D:9      | Learned a level 4 spell: Airstrike
 14156 | D:10     | Entered Level 10 of the Dungeon
 14257 | D:10     | Noticed a two-headed ogre
 14453 | D:10     | Noticed a two-headed ogre
 14483 | D:10     | Noticed a centaur warrior
 14881 | D:9      | Killed a two-headed ogre
 15136 | D:10     | Reached skill level 5 in Air Magic
 15167 | D:10     | Killed a centaur warrior
 15168 | D:10     | Reached skill level 5 in Poison Magic
 15531 | D:9      | Killed a two-headed ogre
 15677 | D:10     | Identified the +6 short sword of Katicre {protect, rElec
                  | rPois Stlth+}
 15743 | D:10     | Noticed a two-headed ogre
 15903 | D:10     | Reached XP level 11. HP: 60/89 MP: 20/20
 15942 | D:10     | Reached skill level 10 in Unarmed Combat
 15958 | D:10     | Learned a level 3 spell: Swiftness
 16210 | D:10     | Noticed a two-headed ogre
 16350 | D:9      | Killed a two-headed ogre
 16736 | D:9      | Killed a two-headed ogre
 16959 | D:10     | Found a staircase to the Lair.
 16988 | Lair:1   | Entered Level 1 of the Lair of Beasts
 17448 | Lair:1   | Reached skill level 5 in Spellcasting
 18474 | Lair:1   | Reached skill level 11 in Unarmed Combat
 19458 | Lair:2   | Found a staircase to the Shoals.
 19787 | Lair:2   | Noticed a seven-headed hydra
 19802 | Lair:2   | Noticed a four-headed hydra
 20193 | Lair:2   | Killed a seven-headed hydra
 20292 | Lair:2   | Killed a four-headed hydra
 20648 | Lair:2   | Reached XP level 12. HP: 64/97 MP: 17/23
 21574 | Lair:3   | Noticed a six-headed hydra
 21579 | Lair:3   | Killed a six-headed hydra
 21843 | Lair:3   | Found a staircase to the Snake Pit.
 21892 | Lair:3   | Learned a level 7 spell: Ozocubu's Refrigeration
 22237 | Lair:3   | Reached skill level 1 in Ice Magic
 23314 | Lair:4   | Noticed a six-headed hydra
 23328 | Lair:4   | Killed a six-headed hydra
 25024 | Lair:5   | Noticed a four-headed hydra
 25038 | Lair:5   | Killed a four-headed hydra
 25039 | Lair:5   | Reached skill level 12 in Unarmed Combat
 25039 | Lair:5   | Reached skill level 10 in Air Magic
 25637 | Lair:4   | Learned a level 3 spell: Ozocubu's Armour
 25732 | Lair:5   | Reached XP level 13. HP: 104/105 MP: 15/26
 26555 | Lair:5   | Learned a level 4 spell: Olgreb's Toxic Radiance
 26605 | Lair:6   | Entered Level 6 of the Lair of Beasts
 28095 | Lair:6   | Reached skill level 5 in Ice Magic
 28392 | Lair:6   | Found a staircase to the Slime Pits.
 30572 | D:11     | Found a runed translucent gate.
 30578 | D:11     | Found a runed translucent gate.
 30579 | D:11     | Found a runed translucent gate.
 30581 | D:11     | Noticed seaoflcl's ghost (novice HuFi)
 30790 | D:11     | Reached skill level 13 in Unarmed Combat
 30920 | D:12     | Found a staircase to the Orcish Mines.
 31541 | D:12     | Killed from afar by an acid dragon

Illustrated notes

Levels and vault maps discovered:
D:1:      lordsloth_arrival_two_stooges, layout_rooms,
          dreamdust_ecumenical_altar_grove, grunt_decor_resistance
D:2:      layout_loops_corners, kennysheep_generic_room_9, uniq_robin
D:3:      layout_rooms, mainiacjoe_overflow_cross_hatched,
          nicolae_overflow_crystal_walls, grunt_decor_fettered
D:4:      minmay_chambers_of_twos, layout_basic, minmay_temple_entry_wispy
D:5:      layout_basic, tgw_sif, gup_sewer_entry_spiral
D:6:      layout_rooms, uniq_menkaure
D:7:      layout_cave_pools, grunt_temple_overflow_order_and_chaos_2,
          overflow_temple_1_default, lemuel_crystal_altar, serial_shops,
          nicolae_stop_n_shop_2
D:8:      layout_gridville, mainiacjoe_overflow_catch_the_wave, uniq_joseph
D:9:      layout_loops_ring, uniq_maggie
D:10:     cheibrodos_barr_body, layout_gridville, grunt_dithmenos_smoke,
          grunt_lair_entry_orc_guard_hut, nicolae_straight_to_the_point
D:11:     layout_roguey, gammafunk_ghost_split
D:12:     lemuel_castle_with_subvaults [lemuel_castle_interior_carwin_2],
          layout_irregular_city, zombieorc2_lemuel, slow_altar_1
Temple:   minmay_temple_bridge_abc
Lair:1:   layout_gridlike, roderic_batcave, grunt_megastairs_2
Lair:2:   layout_cave_shapes, minmay_shoals_entry_centaurs,
          chequers_serial_rivers_micro_b, minmay_lair_oklob_bushes,
          minivault_24, serial_bayou_shore_b
Lair:3:   minmay_lair_oklob_tunnel, layout_loops_ring, dummy_snake_entry,
          serial_bayou_shore_b, grunt_megastairs_5
Lair:4:   layout_cave_pods, serial_bayou_lake_a
Lair:5:   layout_regular_city, minivault_24, grunt_forest_large_clearings
Lair:6:   hellmonk_lair_end_abyssal_woods, layout_hall_layers, slime_altar_1

Skill      XL: |  1  2  3  4  5  6  7  8  9 10 11 12 13 |
---------------+----------------------------------------+-----
Unarmed Combat | 3 4 5 6 7 8 9 11 12 13 | 13.0
Fighting       | 2 3 5 6 7 |  7.0
Armour         | 2 4 5 6 |  6.0
Dodging        | 3 4 5 6 |  6.0
Spellcasting   | 2 3 5 6 7 |  7.2
Air Magic      | 2 5 8 10 | 10.1
Poison Magic   | 2 5 6 7 |  7.4
Ice Magic      | 3 6 |  6.1
Throwing       | |  1.7

Action                   |  1- 3 |  4- 6 |  7- 9 | 10-12 | 13-15 || total
-------------------------+-------+-------+-------+-------+-------++-------
Melee: Unarmed           |   209 |   129 |       |   231 |   336 ||   905
       Punch             |     2 |     6 |    28 |    46 |    41 ||   123
       Mace              |       |    34 |   411 |   361 |       ||   806
       Short sword       |       |       |       |    44 |       ||    44
 Cast: Poisonous Vapours |       |       |     4 |   218 |    55 ||   277
       Airstrike         |       |       |       |    70 |    44 ||   114
       Olgreb's Toxic Ra |       |       |       |       |    29 ||    29
Evoke: Condenser vane    |       |       |     2 |       |       ||     2
       Wand              |       |       |     1 |       |       ||     1
  Use: Scroll            |       |     6 |    11 |     5 |     5 ||    27
 Stab: Confused          |       |       |     4 |       |       ||     4
       Sleeping          |       |       |       |     1 |       ||     1
Armor: Leather armour    |    60 |    14 |       |       |       ||    74
       Plate armour      |       |    75 |   253 |       |       ||   328
       Troll leather arm |       |       |    45 |   218 |   121 ||   384
Dodge: Dodged            |   126 |    60 |   334 |   984 |   412 ||  1916
